 Dungeon Crawl Stone Soup version 0.26-a0-612-gd4d190f45e (webtiles) character file.

Game seed: 4605656086811003417

26577 Gottschkopf the Protected (level 12, -1/112 HPs)
             Began as a Minotaur Fighter on Sept 10, 2020.
             Was the Champion of Okawaru.
             Slain by an entropy weaver (13 damage)
             ... on level 4 of the Lair of Beasts.
             The game lasted 00:48:23 (16316 turns).

Gottschkopf the Protected (Minotaur Fighter)       Turns: 16316, Time: 00:48:24

Health: -1/112     AC: -4    Str: 35    XL:     12   Next: 99%
Magic:  13/13      EV: 10    Int:  8    God:    Okawaru [******]
Gold:   919        SH:  0    Dex:  8    Spells: 9/11 levels left

rFire    . . .     SeeInvis .   v - +4 whip (flame)
rCold    . . .     Faith    .   H - +0 tower shield
rNeg     . . .     Spirit   .   Y - +0 plate armour
rPois    +         Reflect  +   a - +2 hat
rElec    .         Harm     .   A - +0 cloak
rCorr    .                      G - +0 pair of gloves
MR       .....                  y - +0 pair of boots
Stlth    ..........             O - amulet "Durph" {Reflect rPois Str+6 Int+3 Dex-3 SH+5}
HPRegen  0.28/turn              R - ring of Xom's Passing Interest {Wiz Str+4}
MPRegen  0.13/turn              T - +4 ring of evasion

@: confused, corroded
A: retaliatory headbutt, horns 2
a: Heroism, Finesse, Renounce Religion


You were on level 4 of the Lair of Beasts.
You worshipped Okawaru.
Okawaru was exalted by your worship.
You visited 4 branches of the dungeon, and saw 16 of its levels.
You also visited: Sewer and Ossuary.

You collected 919 gold pieces.

Inventory:

Hand Weapons
 d - a +0 glaive of freezing
 v - a +4 whip of flaming (weapon)
 C - a +0 battleaxe of freezing
 K - a +1 shortbow of freezing
Missiles
 E - 3 silver boomerangs (quivered)
 L - 89 arrows
Armour
 a - a +2 hat (worn)
 w - a +3 ring mail of poison resistance
 y - a +0 pair of boots (worn)
 A - a +0 cloak (worn)
 G - a +0 pair of gloves (worn)
 H - a +0 tower shield (worn)
 M - a +2 buckler of resistance
 Y - a +0 plate armour (worn)
Magical Staves
 c - an uncursed staff of death
 h - an uncursed staff of air
Jewellery
 m - an uncursed ring of fire
 r - an uncursed ring of positive energy
 O - the amulet "Durph" (around neck) {Reflect rPois Str+6 Int+3 Dex-3 SH+5}
   (You took it off a kobold demonologist on level 9 of the Dungeon)

   [amulet of reflection]

   It shields you and reflects attacks.
   It affects your strength (+6).
   It affects your intelligence (+3).
   It affects your dexterity (-3).
   It protects you from poison.
   It affects your SH (+5).
 Q - an uncursed ring of wizardry
 R - the ring of Xom's Passing Interest (left hand) {Wiz Str+4}
   (You found it on level 9 of the Dungeon)

   [ring of wizardry]

   It improves your spell success rate.
   It affects your strength (+4).
 T - a +4 ring of evasion (right hand)
 W - an uncursed ring of positive energy
Wands
 o - a wand of iceblast (25)
 u - a wand of enslavement (6)
 N - a wand of acid (11)
 S - a wand of flame (29)
 V - a wand of disintegration (10)
 X - a wand of random effects (19)
Scrolls
 g - 7 scrolls of remove curse
 i - 6 scrolls of teleportation
 j - 7 scrolls of enchant armour {unknown}
 n - 2 scrolls of fear {unknown}
 p - 3 scrolls of fog
 z - a scroll of amnesia
 B - 2 scrolls of immolation {unknown}
 I - 2 scrolls of blinking {unknown}
 J - 2 scrolls of enchant weapon
 U - 2 scrolls of vulnerability {unknown}
 Z - a scroll of torment {unknown}
Potions
 b - 5 potions of flight
 e - 2 potions of brilliance
 f - 3 potions of lignification
 k - a potion of stabbing
 l - 3 potions of might
 q - 4 potions of curing
 s - a potion of invisibility
 x - 8 potions of haste
 D - a potion of cancellation
 F - a potion of resistance {unknown}
 P - a potion of mutation {unknown}


   Skills:
 - Level 12.0 Fighting
 - Level 5.0(8.5) Axes
 - Level 10.5(11.0) Maces & Flails
 - Level 14.2 Armour
 - Level 2.0 Dodging
 - Level 11.3 Shields
 - Level 6.6 Transmutations
 + Level 3.1 Invocations


You had 9 spell levels left.
You knew the following spells:

 Your Spells              Type           Power        Failure   Level
a - Wereblood             Tmut           ##......     41%         2

Your spell library contained the following spells:

 Spells                   Type           Power        Failure   Level
 Beastly Appendage        Tmut           ##....       30%         1
 Spider Form              Tmut/Pois      #.........   97%         3
 Corona                   Hex            #......      98%         1
 Freeze                   Ice            #...         98%         1
 Summon Small Mammal      Summ           #...         98%         1
 Call Imp                 Summ           #.......     99%         2
 Ensorcelled Hibernation  Hex/Ice        #.....       99%         2
 Call Canine Familiar     Summ           #.......     100%        3
 Confusing Touch          Hex            #.......     100%        3
 Dazzling Flash           Conj/Hex       #.....       100%        3
 Frozen Ramparts          Ice            #.....       100%        3
 Ozocubu's Armour         Ice            #.......     100%        3
 Summon Guardian Golem    Hex/Summ       #.......     100%        3
 Tukima's Dance           Hex            #.......     100%        3
 Hailstorm                Conj/Ice       #.......     100%        4
 Ice Form                 Ice/Tmut       #.......     100%        4
 Summon Ice Beast         Ice/Summ       #.......     100%        4
 Summon Lightning Spire   Summ/Air       #.......     100%        4
 Blade Hands              Tmut           ##........   100%        5
 Irradiate                Conj/Tmut      #.........   100%        5
 Hydra Form               Tmut           ##........   100%        6
 Statue Form              Tmut/Erth      #........    100%        6
 Dragon Form              Tmut           ##........   100%        7


Dungeon Overview and Level Annotations

Branches:
Dungeon (10/15)            Temple (0/1) D:5            Lair (4/6) D:8
  Swamp (1/4) Lair:3       Spider (1/4) Lair:2        Sewer (visited)
Ossuary (visited)
    Orc: D:9-12

Altars:
Ashenzari
Cheibriados
Hepliaklqana
Nemelex Xobeh
Okawaru
Qazlal
Ru
Sif Muna
Vehumet
Xom
Yredelemnul


Innate Abilities, Weirdness & Mutations

You reflexively headbutt those who attack you in melee.
You have a pair of horns on your head.


Message History

You block the entropy weaver's attack. The entropy weaver closely misses you.
You closely miss the entropy weaver.
Your headbutt misses the entropy weaver.
The entropy weaver is almost dead.
The entropy weaver hits you!
* * * LOW HITPOINT WARNING * * *
You block the entropy weaver's attack. The entropy weaver hits you.
* * * LOW HITPOINT WARNING * * *
You block the entropy weaver's attack.
You barely miss the entropy weaver.
The entropy weaver is almost dead.
The entropy weaver gestures at you while chanting.
The entropic weave corrodes you!
You hit the entropy weaver but do no damage.
The entropy weaver is almost dead.
You are confused.
You feel invigorated. The entropy weaver hits you.
* * * LOW HITPOINT WARNING * * *
The entropy weaver hits you!
You die...

≈.....†...........#.. ##...# #.
≈....##.####.##.#...a..#....### .
≈...##.#†#####.#.#.....#......###
≈...#..#†...#...##......÷÷.......
≈....##..#....# ..#............
≈...#a#.#.....### .##..P#..<.#.PP
≈...##.#....#.#.##......##...#PP.
...a#.##........#a.....P.........
...a#.##....#..#@#...P.P.........
..##.#.#...###...#......[........
...[#a###.#.#...## .............
..##..# ##....##.#


PP........... ....##.##.#.##..#....P>.......... ....#
#..###.#..##..#..#......... ....# .#.###.###.#...#.#.........
..##.####.#.#.#.##...........#### [..#........................## You could see
an entropy weaver and a worker ant (wandering).

Vanquished Creatures
  2 centaur warriors (D:9)
  A catoblepas (Lair:2)
  A queen ant (Lair:4)
  The ghost of feta the Transmogrifier, a novice OpTm of Cheibriados (D:9)
  Urug (Lair:2)
  An orb spider (Lair:2)
  Pikel (D:5)
  A deep elf mage (D:9)
  4 elephants
  2 black mambas
  6 cane toads
  3 komodo dragons
  A rime drake (Lair:4)
  3 kobold demonologists (D:9)
  3 trolls (D:9)
  2 tyrant leeches (Lair:3)
  A jumping spider (Lair:2)
  2 slime creatures (Lair:3)
  Prince Ribbit (D:6)
  5 blink frogs (Lair:2)
  6 hippogriffs
  2 redbacks (Lair:2)
  21 yaks
  A wyvern (D:9)
  3 basilisks
  A steam dragon (Lair:2)
  Menkaure (D:5)
  A swamp worm (Lair:3)
  Duvessa (D:6)
  8 soldier ants (Lair:4)
  6 water moccasins
  7 porcupines
  2 ice beasts
  An orc warrior (D:7)
  2 black bears
  A phantom (D:8)
  3 sky beasts
  4 ogres
  4 wolves (Lair:2)
  A centaur (D:9)
  6 crocodiles
  3 elf zombies (Ossuary)
  11 big kobolds
  10 bullfrogs
  Dowan (D:6)
  2 scorpions
  5 wights
  An electric eel (Lair:4)
  3 howler monkeys
  2 jellies
  A quasit (D:10)
  2 centaur zombies (Ossuary)
  A human zombie (Ossuary)
  A bullfrog skeleton (D:5)
  4 hounds
  3 orc priests
  A centaur skeleton (D:9)
  Crazy Yiuf (D:6)
  3 iguanas
  20 worker ants
  5 orc wizards
  A big kobold zombie (Ossuary)
  2 hound zombies
  A hound skeleton (D:9)
  2 mummies (Ossuary)
  A worker ant zombie (D:5)
  8 gnolls
  12 adders
  3 white imps
  2 ufetubi
  5 worms
  2 dart slugs (D:1)
  6 leopard geckos
  37 orcs
  5 bats
  8 giant cockroaches
  9 goblins
  18 hobgoblins
  25 jackals
  9 kobolds
  3 quokkas
  6 frilled lizards
  9 hobgoblin zombies (Ossuary)
  A jackal zombie (Ossuary)
  13 kobold zombies (Ossuary)
  7 orc zombies (Ossuary)
  A quokka zombie (D:7)
  9 rats
409 creatures vanquished.

Vanquished Creatures (others)
  24 fungi
  21 plants
45 creatures vanquished.

Grand Total: 454 creatures vanquished

Notes
Turn   | Place    | Note
-------+----------+-------------------------------------------
     0 | D:1      | Gottschkopf the Minotaur Fighter began the quest for the
                  | Orb.
     0 | D:1      | Reached XP level 1. HP: 19/19 MP: 0/0
    56 | D:1      | Reached XP level 2. HP: 26/26 MP: 1/1
   978 | D:2      | Reached XP level 3. HP: 33/33 MP: 2/2
  1027 | D:2      | Reached skill level 4 in Armour
  1292 | D:2      | Found an iron altar of Okawaru.
  1440 | D:2      | Became a worshipper of Warmaster Okawaru
  1529 | D:2      | Reached XP level 4. HP: 25/40 MP: 3/3
  2132 | D:3      | Found a faded altar of an unknown god.
  2355 | D:3      | Reached skill level 5 in Armour
  2446 | D:3      | Found a shimmering blue altar of Sif Muna.
  2863 | D:4      | Reached XP level 5. HP: 42/47 MP: 4/4
  2940 | D:4      | Reached skill level 5 in Fighting
  2956 | D:4      | Found a sacrificial altar of Ru.
  3015 | D:4      | Reached skill level 6 in Armour
  3129 | D:4      | Found a shimmering altar of Xom.
  3362 | D:4      | Reached * piety under Okawaru
  3362 | D:4      | Reached XP level 6. HP: 37/56 MP: 5/5
  3968 | D:4      | Reached skill level 7 in Armour
  4002 | D:5      | Entered Level 5 of the Dungeon
  4056 | D:5      | Reached XP level 7. HP: 27/63 MP: 6/6
  4057 | D:5      | Found a shimmering altar of Xom.
  4060 | D:5      | Noticed Pikel
  4101 | D:5      | Found a glowing drain.
  4110 | Sewer    | Entered a sewer
  4397 | Sewer    | Found a white marble altar of Elyvilon.
  4462 | D:5      | Reached skill level 8 in Armour
  4483 | D:5      | Killed Pikel
  4483 | D:5      | Reached ** piety under Okawaru
  4483 | D:5      | Reached skill level 9 in Armour
  4483 | D:5      | Reached XP level 8. HP: 33/73 MP: 7/7
  4740 | D:5      | Noticed Menkaure
  4752 | D:5      | Killed Menkaure
  4770 | D:5      | Reached skill level 10 in Armour
  4921 | D:5      | Found a staircase to the Ecumenical Temple.
  5050 | D:5      | Found a shattered altar of Ashenzari.
  5167 | D:5      | Reached skill level 5 in Shields
  5537 | D:6      | Noticed Dowan
  5539 | D:6      | Noticed Duvessa
  5554 | D:6      | Killed Duvessa
  5554 | D:6      | Reached *** piety under Okawaru
  5558 | D:6      | Killed Dowan
  5709 | D:6      | Found a sand-covered staircase.
  5754 | Ossuary  | Entered an ossuary
  5925 | Ossuary  | Reached XP level 9. HP: 79/84 MP: 8/8
  6188 | D:6      | Noticed Prince Ribbit
  6205 | D:6      | Killed Prince Ribbit
  6205 | D:6      | Reached skill level 10 in Fighting
  6460 | D:6      | Reached **** piety under Okawaru
  6515 | D:6      | Found a runed translucent door.
  6516 | D:6      | Noticed Crazy Yiuf
  6522 | D:6      | Killed Crazy Yiuf
  7347 | D:7      | Found a radiant altar of Vehumet.
  7499 | D:8      | Found an iron altar of Okawaru.
  7500 | D:8      | Found a hazy altar of Hepliaklqana.
  7536 | D:8      | Found a stormy altar of Qazlal.
  7536 | D:8      | Found a snail-covered altar of Cheibriados.
  7769 | D:8      | Found a basalt altar of Yredelemnul.
  7786 | D:8      | Found a staircase to the Lair.
  7786 | D:8      | Noticed an elephant
  7814 | D:8      | Reached XP level 10. HP: 96/96 MP: 9/9
  7829 | D:8      | Killed an elephant
  7829 | D:8      | Reached skill level 10 in Shields
  8169 | D:8      | Found a sparkling altar of Nemelex Xobeh.
  8755 | D:9      | Found a runed translucent door.
  8902 | D:9      | Noticed a centaur warrior
  8919 | D:9      | Killed a centaur warrior
  8919 | D:9      | Reached ***** piety under Okawaru
  8919 | D:9      | Reached skill level 1 in Dodging
  8962 | D:9      | Noticed a centaur warrior
  8980 | D:9      | Killed a centaur warrior
  9181 | D:9      | Found a runed translucent door.
  9251 | D:9      | Found a runed translucent gate.
  9252 | D:9      | Found a runed translucent gate.
  9259 | D:9      | Found a runed translucent gate.
  9271 | D:9      | Identified the amulet "Durph" {Reflect rPois Str+6 Int+3
                  | Dex-3 SH+5}
  9273 | D:9      | Identified the cursed +1 dagger of Megalomania {chaos,
                  | Dex+3 Stlth+}
  9273 | D:9      | Noticed feta's ghost (novice OpTm)
  9282 | D:9      | Noticed a sixfirhy
  9290 | D:9      | Reached XP level 11. HP: 103/104 MP: 10/10
  9306 | D:9      | Noticed a soul eater
  9329 | D:9      | Killed feta's ghost
  9366 | D:9      | Reached skill level 10 in Maces & Flails
  9396 | D:9      | Reached ****** piety under Okawaru
  9832 | D:9      | Learned a level 2 spell: Wereblood
  9937 | D:9      | Got a steaming wooden ring
 10153 | D:10     | Entered Level 10 of the Dungeon
 10208 | D:10     | Reached skill level 1 in Transmutations
 10425 | D:10     | Noticed a deep elf mage
 10425 | D:10     | Noticed a wizard
 10427 | D:10     | Noticed a wizard
 10442 | D:9      | Killed a deep elf mage
 10508 | Lair:1   | Entered Level 1 of the Lair of Beasts
 10756 | Lair:1   | Received a gift from Okawaru
 11095 | Lair:1   | Reached skill level 5 in Transmutations
 11320 | Lair:1   | Identified the ring of Xom's Passing Interest {Wiz Str+4}
                  | (You found it on level 9 of the Dungeon)
 11734 | Lair:2   | Reached skill level 11 in Armour
 12011 | Lair:2   | Reached skill level 12 in Armour
 12141 | Lair:2   | Reached XP level 12. HP: 101/112 MP: 7/11
 12147 | Lair:2   | Noticed Urug
 12163 | Lair:2   | Reached skill level 13 in Armour
 12190 | Lair:2   | HP: 5/168 [yak (6)]
 12191 | Lair:2   | Killed Urug
 12202 | Lair:2   | HP: 7/168 [yak (1)]
 12597 | Lair:2   | Noticed a catoblepas
 12713 | Lair:2   | Found a hole to the Spider Nest.
 12736 | Spider:1 | Entered Level 1 of the Spider Nest
 12770 | Lair:2   | Received a gift from Okawaru
 12852 | Lair:2   | Killed a catoblepas
 12852 | Lair:2   | Reached skill level 14 in Armour
 13996 | Lair:3   | Found a staircase to the Swamp.
 14310 | Swamp:1  | Entered Level 1 of the Swamp
 14653 | Lair:4   | Reached skill level 1 in Axes
 15232 | Lair:4   | Reached skill level 5 in Axes
 15684 | Lair:4   | Noticed a queen ant
 15688 | Lair:4   | Noticed an entropy weaver
 15691 | Lair:4   | Noticed an entropy weaver
 15752 | Lair:4   | HP: 4/112 [poisoned by a queen ant]
 15885 | Lair:4   | Reached skill level 1 in Invocations
 16231 | Lair:4   | Killed a queen ant
 16316 | Lair:4   | Slain by an entropy weaver

Illustrated notes

Levels and vault maps discovered:
D:1:      saegor_arrival_simple_d, layout_loops_cross, bh_walls_and_bars
D:2:      layout_loops_ring, okawaru_gym_becter
D:3:      layout_loops_cross, lemuel_round_altar,
          chequers_ecumenical_altar_simple
D:4:      layout_loops_corners, xom_teletrap_fun, serial_aquarium,
          aquarium_bridge_long_joined [aquarium_subvault_window,
          aquarium_subvault_bridge, aquarium_subvault_wall,
          aquarium_subvault_bridge, aquarium_subvault_window,
          aquarium_subvault_bridge], aquarium_window_fake, aquarium_window_1,
          aquarium_window_fake, aquarium_view_2d, aquarium_pool_2,
          lemuel_tele_altar
D:5:      layout_loops_cross, ashenzari_altar_1, minmay_temple_entry_slanted,
          basic_altar, portal_sewer_entry_f, uniq_pikel, uniq_menkaure
D:6:      layout_loops_ring, enter_ossuary_1, uniq_crazy_yiuf_cottage,
          uniq_prince_ribbit1, uniq_duvessa
D:7:      layout_cave_pools, kennysheep_mini_moat, st_stairs_14,
          minmay_fire_ice_demons
D:8:      layout_loops_ring, kennysheep_mini, nicolae_overflow_quartered_altars,
          nemelex_xobeh_ov_fountains_minmay, david_lair_generic
D:9:      cheibrodos_histonic, layout_basic, gammafunk_ghost_nasty_kobolds,
          chequers_serial_rivers_room_b
D:10:     layout_loops_corners, bh_hangedman_babel_library
Lair:1:   layout_roguey, grunt_megastairs_3
Lair:2:   layout_chaotic_city, spider_nest_entry_webs, lemuel_fruit_fields,
          uniq_urug
Lair:3:   layout_cave_pods, minmay_swamp_entry_worms
Lair:4:   layout_gridlike, minmay_another_anthill
Swamp:1:  cheibrodos_swamp_monstrosity, layout_basic_swamp,
          evilmike_swamp_ruin_wall, swamp_pool3
Spider:1: nicolae_spider_mines_2

Skill      XL: |  1  2  3  4  5  6  7  8  9 10 11 12 |
---------------+-------------------------------------+-----
Shields        | 4 6 9 11 | 11.3
Maces & Flails | 3 8 10 | 10.5
Fighting       | 4 5 6 7 9 11 12 | 12.0
Armour         | 4 5 6 7 9 10 12 14 | 14.2
Dodging        | 2 |  2.0
Transmutations | 5 6 |  6.6
Axes           | 5 |  5.0
Invocations    | 3 |  3.1

Action                   |  1- 3 |  4- 6 |  7- 9 | 10-12 || total
-------------------------+-------+-------+-------+-------++-------
Melee: Flail             |   115 |   137 |    66 |       ||   318
       Headbutt          |    19 |    17 |    97 |   204 ||   337
       Whip              |       |       |   418 |   811 ||  1229
       Battleaxe         |       |       |       |    66 ||    66
 Cast: Wereblood         |       |       |       |    21 ||    21
Invok: Heroism           |       |       |       |     3 ||     3
Evoke: Wand              |       |       |       |     2 ||     2
  Use: Scroll            |       |     7 |    10 |     6 ||    23
       Potion            |       |       |     1 |    12 ||    13
 Stab: Distracted        |       |       |       |     1 ||     1
       Invisible         |       |       |       |     2 ||     2
Armor: Scale mail        |    21 |       |       |       ||    21
       Plate armour      |    28 |    65 |   214 |   330 ||   637
       Skin              |       |       |       |    42 ||    42
       Ring mail         |       |       |       |     1 ||     1
Dodge: Dodged            |    25 |    24 |    64 |   238 ||   351
Block: Kite shield       |    52 |    55 |   184 |   107 ||   398
       Buckler           |       |       |       |   204 ||   204
       Tower shield      |       |       |       |   168 ||   168
       Other             |       |       |       |     9 ||     9

Table legend: (Time is in decaauts)
 A = Elapsed time spent in this place.
 B = Non-inter-level travel time spent in this place.
 C = Inter-level travel time spent in this place.
 D = Time resting spent in this place.
 E = Time spent auto-exploring this place.
 F = Levels seen in this place.
 G = Mean time per level.
                   A        B        C        D        E       F      G
               +--------+--------+--------+--------+--------+-----+--------+
         Total |  16201 |  15822 |    379 |   2665 |   9905 |  18 |  900.1 |
       Dungeon |   9870 |   9623 |    247 |    989 |   6641 |  10 |  987.0 |
          Lair |   5630 |   5498 |    132 |   1512 |   3014 |   4 | 1407.5 |
         Swamp |      2 |      2 |      0 |      0 |      0 |   1 |    2.0 |
   Spider Nest |      1 |      1 |      0 |      0 |      0 |   1 |    1.0 |
         Sewer |    366 |    366 |      0 |    164 |    115 |   1 |  366.0 |
       Ossuary |    330 |    330 |      0 |      0 |    135 |   1 |  330.0 |
               +--------+--------+--------+--------+--------+-----+--------+

Top non-repeatable levels by time:
     D:9: 1786 daAuts
  Lair:2: 1616 daAuts
  Lair:3: 1580 daAuts
  Lair:4: 1397 daAuts
     D:5: 1200 daAuts
     D:4: 1193 daAuts
  Lair:1: 1036 daAuts
     D:2: 1020 daAuts
     D:1: 961 daAuts
     D:6: 946 daAuts
     D:8: 915 daAuts
     D:3: 903 daAuts
     D:7: 670 daAuts
   Sewer: 366 daAuts
 Ossuary: 330 daAuts
